 Dungeon Crawl Stone Soup version 0.30-a0-777-ga9a30cbeda (webtiles) character file.

Game seed: 3936486008482409574

354 retardedninja the Shield-Bearer (level 6, -15/39 HPs)
             Began as a Gargoyle Fighter on Feb 13, 2023.
             Demolished by an ogre
             ... wielding a +0 giant club
              (24 damage)
             ... on level 4 of the Dungeon.
             The game lasted 00:04:48 (2741 turns).

retardedninja the Shield-Bearer (Gargoyle Fighter)  Turns: 2741, Time: 00:04:49

Health: -15/39     AC: 16    Str: 22    XL:     6   Next: 62%
Magic:  6/6        EV:  6    Int:  8    God:
Gold:   175        SH:  4    Dex:  9    Spells: 5/5 levels left

rFire   . . .      SeeInvis .    a - +0 flail
rCold   . . .      Faith    .    c - +0 buckler
rNeg    + . .      Spirit   .    r - +0 plate armour
rPois   ∞          Reflect  .    (no helmet)
rElec   +          Harm     .    (no cloak)
rCorr   .          Rampage  .    (no gloves)
Will    .....                    (no boots) Stlth
                                 (no amulet)
HPRegen 0.26/turn                (no ring)
MPRegen 0.10/turn                (no ring)

@: no status effects
A: sickness immunity, AC +4, negative energy resistance 1, electricity
resistance, torment resistance 1, petrification resistance
a: no special abilities


You were on level 4 of the Dungeon.
You visited 1 branch of the dungeon, and saw 4 of its levels.

You collected 175 gold pieces.

Inventory:

Hand Weapons
 a - a +0 flail (weapon)
Missiles
 g - 2 javelins (quivered)
Armour
 b - a +0 scale mail
 c - a +0 buckler (worn)
 r - a +0 plate armour (worn)
Jewellery
 d - a ring of protection from cold
Wands
 n - a wand of mindburst (7)
Scrolls
 e - a scroll of poison {unknown}
 f - a scroll of identify
 j - a scroll of teleportation {unknown}
 k - a scroll of torment {unknown}
 q - a scroll of fog {unknown}
Potions
 h - a potion of haste {unknown}
 i - a potion of lignification {unknown}
 l - a potion of mutation
 m - a potion of attraction {unknown}
 o - a potion of flight {unknown}
 p - a potion of cancellation {unknown}


   Skills:
 + Level 4.4 Fighting
 * Level 4.1 Maces & Flails
 + Level 1.8 Throwing
 + Level 4.4 Armour
 + Level 4.4 Shields


You had 5 spell levels left.
You didn't know any spells.
Your spell library contained the following spells:

 Spells                   Type           Power      Damage    Failure   Level
 Blink                    Tloc           0%         N/A       100%        2
 Wereblood                Tmut           0%         N/A       100%        2
 Manifold Assault         Tloc           0%         N/A       100%        4
 Dispersal                Tloc           0%         N/A       100%        6
 Storm Form               Tmut/Air       0%         N/A       100%        7
 Summon Hydra             Summ           0%         N/A       100%        7
 Borgnjor's Revivificati  Necr           0%         N/A       100%        8
 Disjunction              Tloc           0%         N/A       100%        8
 Necromutation            Tmut/Necr      0%         N/A       100%        8
 Death's Door             Necr           0%         N/A       100%        9
 Sublimation of Blood     Necr           Unusable   N/A       N/A         2

Dungeon Overview and Level Annotations

Branches:
Dungeon (4/15)
 Temple: D:4-7

Altars:
Dithmenos
Kikubaaqudgha

Shops:
D:2 =


Innate Abilities, Weirdness & Mutations

You are immune to sickness and miasma.
Your stone body is resilient. (AC +4)
You are immune to poison.
You resist negative energy. (rN+)
You are resistant to electric shocks. (rElec)
You are resistant to unholy torment.
You are immune to petrification.


Message History

Found a quarterstaff.
The hound bites you.
A hound is nearby!
You closely miss the hound. You block the hound's attack. x2
A hound is nearby!
A hound is nearby!
A hound is nearby!
You thump the hound!
The hound is almost dead.
The hound bites you.
An ogre comes into view. It is wielding a +0 giant club.
The hound bites you but does no damage.
There are monsters nearby!
You hit the hound.
You kill the hound!
An ogre is nearby!
An ogre is nearby!
An ogre is nearby!
You hit the ogre.
The ogre is lightly wounded.
You block the ogre's attack.
You sock the ogre!
The ogre is heavily wounded.
The ogre hits you with a +0 giant club!!
Ouch! That really hurt!
You closely miss the ogre.
The ogre is heavily wounded.
The ogre hits you with a +0 giant club.
* * * LOW HITPOINT WARNING * * *
Okay, then.
You barely miss the ogre.
The ogre is heavily wounded.
You hear the slow rusting of a very distant drain.
The ogre closely misses you.
You hit the ogre.
The ogre is severely wounded.
You hit the ogre.
The ogre is severely wounded.
The ogre hits you with a +0 giant club!!
Ouch! That really hurt!
You die...

## # # # # .. #. #
##.#.##### #
.........## # ..>.....#
# #.##.O..?# #
#....@..# # #.##.....#
# ##$....##############
#......................
######..###############
#...# #...# #...# .)..#


You could see an ogre.

Vanquished Creatures
  Sigmund (D:2)
  A hound (D:4)
  6 adders
  A worm (D:2)
  6 dart slugs
  6 orcs (D:3)
  5 bats
  2 endoplasms
  5 giant cockroaches
  11 goblins
  3 hobgoblins
  9 jackals
  5 kobolds
  A quokka (D:1)
  10 ball pythons
  7 frilled lizards
  10 rats
89 creatures vanquished.

Notes
Turn   | Place    | Note
-------+----------+-------------------------------------------
     0 | D:1      | retardedninja the Gargoyle Fighter began the quest for the
                  | Orb.
     0 | D:1      | Reached XP level 1. HP: 14/14 MP: 1/1
    55 | D:1      | Reached XP level 2. HP: 15/19 MP: 2/2
   497 | D:1      | Reached XP level 3. HP: 23/23 MP: 3/3
   901 | D:2      | Found a faded altar of an unknown god.
  1041 | D:2      | Found Soaczuis's Jewellery Boutique.
  1100 | D:2      | Noticed Sigmund
  1112 | D:2      | Killed Sigmund
  1113 | D:2      | Reached skill level 1 in Throwing
  1113 | D:2      | Reached XP level 4. HP: 15/29 MP: 4/4
  1113 | D:2      | Reached XP level 5. HP: 18/33 MP: 5/5
  1379 | D:2      | Reached XP level 6. HP: 38/38 MP: 6/6
  2031 | D:3      | Found a faded altar of an unknown god.
  2137 | D:3      | Found a shadowy altar of Dithmenos.
  2585 | D:3      | Found an ancient bone altar of Kikubaaqudgha.
  2741 | D:4      | Demolished by an ogre

Illustrated notes

Levels and vault maps discovered:
D:1:      mrwooster_arrival_statue, layout_loops_ring
D:2:      layout_loops_corners, serial_shops, shop,
          chequers_ecumenical_altar_simple_redux, kennysheep_generic_room_2,
          uniq_sigmund
D:3:      layout_loops_cross, mainiacjoe_overflow_24_doors,
          nicolae_overflow_ecumenical_swirl
D:4:      layout_loops_ring, portal_sewer_entry_e

Skill      XL: |  1  2  3  4  5  6 |
---------------+-------------------+-----
Fighting       | 4 |  4.4
Maces & Flails | 3 4 |  4.1
Throwing       | 1 |  1.8
Armour         | 4 |  4.4
Shields        | 4 |  4.4

Action                     |  1- 3 |  4- 6 || total
---------------------------+-------+-------++-------
  Melee: Flail             |   114 |   135 ||   249
  Throw: Javelin           |     7 |    24 ||    31
    Use: Potion            |     1 |       ||     1
         Scroll            |       |     1 ||     1
 Armour: Scale mail        |    64 |    83 ||   147
         Plate armour      |       |     8 ||     8
  Dodge: Dodged            |    60 |    88 ||   148
  Block: Buckler           |    27 |    37 ||    64

Table legend: (Time is in decaauts)
 A = Elapsed time spent in this place.
 B = Non-inter-level travel time spent in this place.
 C = Inter-level travel time spent in this place.
 D = Time resting spent in this place.
 E = Time spent auto-exploring this place.
 F = Levels seen in this place.
 G = Mean time per level.
                   A        B        C        D        E       F      G
               +--------+--------+--------+--------+--------+-----+--------+
         Total |   2824 |   2688 |    136 |    151 |   1920 |   4 |  706.0 |
       Dungeon |   2824 |   2688 |    136 |    151 |   1920 |   4 |  706.0 |
               +--------+--------+--------+--------+--------+-----+--------+

Top non-repeatable levels by time:
     D:2: 1051 daAuts
     D:1: 869 daAuts
     D:3: 801 daAuts
     D:4: 102 daAuts
